TOP OF THE 1ST |
San Antonio Missions batting - Pitching for Shreveport Braves : RHP Juan Cardona
|
Pitching: RHP Juan Cardona
|
|
Batting: RHB Ivan Calderon
|
0-0: Ball 1-0: Ball 2-0: Called Strike 2-1: Ball 3-1: DOUBLE (Flyball, 8LXD, EV 98.1 MPH)
|
Batting: RHB Amos Lewis
|
0-0: Ball 1-0: Foul Ball, location: 2F 1-1: Ball Passed Ball! Ivan Calderon to third 2-1: Ball 3-1: Reached via error on a dropped throw from 1B, E1 (Groundball, 34S, EV 79.4 MPH) Ivan Calderon scores
|
Batting: RHB Ed Hearn
|
0-0: Ball 1-0: Swinging Strike 1-1: SINGLE (Groundball, 6D, EV 102.5 MPH) Amos Lewis to second
|
Batting: RHB Larry Hamilton
|
0-0: Called Strike 0-1: Ball 1-1: Called Strike 1-2: Strikes out swinging
|
Batting: LHB Lee Pruitt
|
0-0: Called Strike 0-1: Ball 1-1: Foul Ball, location: 2F 1-2: Strikes out swinging
|
Batting: RHB Jack Clark
|
0-0: Ball 1-0: Ground out 5-3 (Groundball, 56S, EV 81.9 MPH)
|
Top of the 1st over - 1 run, 2 hits, 1 error, 2 left on base; San Antonio 1 - Shreveport 0 |
BOTTOM OF THE 1ST |
Shreveport Braves batting - Pitching for San Antonio Missions : RHP Roger Clemens
|
Pitching: RHP Roger Clemens
|
|
Batting: LHB Rusty McNealy
|
0-0: Bunt missed! 0-1: Foul Ball, location: 2F 0-2: Ball 1-2: Strikes out swinging
|
Batting: LHB Robert Loscalzo
|
0-0: Called Strike 0-1: Fly out, F9 (Flyball, 9, EV 85.0 MPH)
|
Batting: SHB Sap Randall
|
0-0: Ball 1-0: Ball 2-0: Called Strike 2-1: Foul Ball, location: 2F 2-2: Foul Ball, location: 2F 2-2: Strikes out swinging
|
Bottom of the 1st over - 0 runs, 0 hits, 0 errors, 0 left on base; San Antonio 1 - Shreveport 0 |
TOP OF THE 2ND |
San Antonio Missions batting - Pitching for Shreveport Braves : RHP Juan Cardona
|
Batting: LHB Jerold Johnston
|
0-0: Ball 1-0: Ball 2-0: Ball 3-0: Base on Balls
|
Batting: LHB Matt Nokes
|
0-0: Ball 1-0: Ball 2-0: Called Strike 2-1: Fly out, F8 (Line Drive, 8LM, EV 105.6 MPH)
|
Batting: RHB Archie Amerson
|
0-0: Ball 1-0: SINGLE (Groundball, 6MD, EV 94.4 MPH) Jerold Johnston to second
|
Batting: RHB Ivan Calderon
|
0-0: Ball Wild Pitch! Jerold Johnston to third Archie Amerson to second 1-0: Foul Ball, location: 2F 1-1: DOUBLE (Flyball, 8LXD, EV 103.8 MPH) Jerold Johnston scores Archie Amerson scores
|
Batting: RHB Amos Lewis
|
0-0: Ball Ivan Calderon steals 3rd base 1-0: Called Strike 1-1: Foul Ball, location: 2F 1-2: Foul Ball, location: 2F 1-2: Ball 2-2: Foul Ball, location: 2F 2-2: Ball 3-2: Base on Balls
|
Batting: RHB Ed Hearn
|
0-0: Ball 1-0: Ball 2-0: Ball 3-0: Base on Balls Amos Lewis to second
|
Batting: RHB Larry Hamilton
|
0-0: Ball 1-0: Swinging Strike 1-1: Ball 2-1: SINGLE (Line Drive, 5D, EV 107.5 MPH) Ivan Calderon scores Amos Lewis to third Ed Hearn to second
|
Batting: LHB Lee Pruitt
|
0-0: Ball 1-0: Ball Passed Ball! Amos Lewis scores Ed Hearn to third Larry Hamilton to second 2-0: Called Strike 2-1: Ball 3-1: Called Strike 3-2: Base on Balls
|
Batting: RHB Jack Clark
|
0-0: Ball 1-0: Ball 2-0: Called Strike 2-1: Foul Ball, location: 2F 2-2: Ground out U3 (Groundball, 3S, EV 71.3 MPH) Ed Hearn scores Larry Hamilton to third Lee Pruitt to second
|
Batting: LHB Jerold Johnston
|
0-0: Called Strike 0-1: Ball 1-1: Called Strike 1-2: Ball 2-2: Ball 3-2: Base on Balls
|
Batting: LHB Matt Nokes
|
0-0: Ball Passed Ball! Larry Hamilton scores Lee Pruitt to third Jerold Johnston to second 1-0: Ball 2-0: Called Strike 2-1: Ball Passed Ball! Lee Pruitt scores Jerold Johnston to third 3-1: Foul Ball, location: 2F 3-2: Foul Ball, location: 2F 3-2: Base on Balls
|
Pitching: RHP Jay Pettibone
|
|
Batting: RHB Archie Amerson
|
0-0: Called Strike 0-1: Swinging Strike 0-2: Ball Passed Ball! Jerold Johnston scores Matt Nokes to second 1-2: Ball 2-2: Ball 3-2: Foul Ball, location: 2F 3-2: Fly out, F7 (Flyball, 7, EV 91.3 MPH)
|
Top of the 2nd over - 8 runs, 3 hits, 0 errors, 1 left on base; San Antonio 9 - Shreveport 0 |
BOTTOM OF THE 2ND |
Shreveport Braves batting - Pitching for San Antonio Missions : RHP Roger Clemens
|
Batting: RHB Alfonso Gomez
|
0-0: Ball 1-0: Ball 2-0: Ball 3-0: Called Strike 3-1: Foul Ball, location: 2F 3-2: Fly out, F7 (Flyball, 7, EV 71.9 MPH)
|
Batting: LHB Tracy Dophied
|
0-0: Ground out 4-3 (Groundball, 4, EV 88.8 MPH)
|
Batting: RHB Scott Ullger
|
0-0: Ground out 5-3 (Groundball, 56, EV 110.0 MPH)
|
Bottom of the 2nd over - 0 runs, 0 hits, 0 errors, 0 left on base; San Antonio 9 - Shreveport 0 |
TOP OF THE 3RD |
San Antonio Missions batting - Pitching for Shreveport Braves : RHP Jay Pettibone
|
Batting: RHB Ivan Calderon
|
0-0: Foul Ball, location: 2F 0-1: Swinging Strike 0-2: Fly out, F7 (Flyball, 7, EV 88.1 MPH)
|
Batting: RHB Amos Lewis
|
0-0: Ball 1-0: Foul Ball, location: 2F 1-1: Swinging Strike 1-2: Ball 2-2: Foul Ball, location: 2F 2-2: Strikes out swinging
|
Batting: RHB Ed Hearn
|
0-0: Foul Ball, location: 2F 0-1: Ball 1-1: Ball 2-1: Foul Ball, location: 2F 2-2: Fly out, F9 (Flyball, 9S, EV 80.6 MPH)
|
Top of the 3rd over - 0 runs, 0 hits, 0 errors, 0 left on base; San Antonio 9 - Shreveport 0 |
BOTTOM OF THE 3RD |
Shreveport Braves batting - Pitching for San Antonio Missions : RHP Roger Clemens
|
Batting: LHB Ronald Walker
|
0-0: Ball 1-0: Fly out, F9 (Flyball, 89D, EV 91.9 MPH)
|
Batting: RHB Thomas Popovich
|
0-0: Ball 1-0: Fly out, F9 (Line Drive, 9, EV 85.6 MPH)
|
Batting: RHB Jeff Matthews
|
0-0: SINGLE (Flyball, 89S, EV 89.4 MPH)
|
Batting: LHB Rusty McNealy
|
0-0: Ball 1-0: Ball 2-0: TRIPLE (Line Drive, 89XD, EV 110.0 MPH) Jeff Matthews scores
|
Batting: LHB Robert Loscalzo
|
0-0: Ball 1-0: Ball 2-0: Called Strike 2-1: Called Strike 2-2: Strikes out swinging
|
Bottom of the 3rd over - 1 run, 2 hits, 0 errors, 1 left on base; San Antonio 9 - Shreveport 1 |
TOP OF THE 4TH |
San Antonio Missions batting - Pitching for Shreveport Braves : RHP Jay Pettibone
|
Batting: RHB Larry Hamilton
|
0-0: Ball 1-0: Ball 2-0: Ball 3-0: Called Strike 3-1: Base on Balls
|
Batting: LHB Lee Pruitt
|
0-0: Fly out, F8 (Line Drive, 8LD, EV 90.0 MPH)
|
Batting: RHB Jack Clark
|
0-0: Called Strike 0-1: Called Strike 0-2: Strikes out swinging
|
Batting: LHB Jerold Johnston
|
0-0: Foul Ball, location: 2F 0-1: Foul Ball, location: 2F 0-2: Ball 1-2: Ball 2-2: Fielders Choice at 2nd, 5-4 (Groundball, 5L, EV 90.0 MPH)
|
Top of the 4th over - 0 runs, 0 hits, 0 errors, 1 left on base; San Antonio 9 - Shreveport 1 |
BOTTOM OF THE 4TH |
Shreveport Braves batting - Pitching for San Antonio Missions : RHP Roger Clemens
|
Batting: SHB Sap Randall
|
0-0: Ball 1-0: Foul Ball, location: 2F 1-1: Ground out U3 (Groundball, 3L, EV 88.8 MPH)
|
Batting: RHB Alfonso Gomez
|
0-0: Swinging Strike 0-1: Foul Ball, location: 2F 0-2: Ball 1-2: Foul Ball, location: 2F 1-2: Ground out 6-3 (Groundball, 6, EV 89.4 MPH)
|
Batting: LHB Tracy Dophied
|
0-0: Ball 1-0: Ball 2-0: Foul Ball, location: 2F 2-1: Ground out 4-3 (Groundball, 4, EV 88.1 MPH)
|
Bottom of the 4th over - 0 runs, 0 hits, 0 errors, 0 left on base; San Antonio 9 - Shreveport 1 |
TOP OF THE 5TH |
San Antonio Missions batting - Pitching for Shreveport Braves : RHP Jay Pettibone
|
Batting: LHB Matt Nokes
|
0-0: Called Strike 0-1: SINGLE (Line Drive, 4MD, EV 103.1 MPH)
|
Batting: RHB Archie Amerson
|
0-0: Ball 1-0: Ball Wild Pitch! Matt Nokes to second 2-0: Swinging Strike 2-1: Foul Ball, location: 2F 2-2: Ball 3-2: Base on Balls
|
Pitching: RHP Philip Costello
|
|
Batting: RHB Ivan Calderon
|
0-0: Ball 1-0: Swinging Strike Passed Ball! Matt Nokes to third Archie Amerson to second 1-1: Foul Ball, location: 2F 1-2: Ball 2-2: Ball 3-2: Base on Balls
|
Batting: RHB Amos Lewis
|
0-0: Ball 1-0: Foul Ball, location: 2F 1-1: Grounds into double play, U5-3 (Groundball, 5L, EV 103.1 MPH) Matt Nokes scores Ivan Calderon to second
|
Batting: RHB Ed Hearn
|
0-0: Foul Ball, location: 2F 0-1: Ball 1-1: Foul Ball, location: 2F 1-2: Foul Ball, location: 2F 1-2: Foul Ball, location: 2F 1-2: Ball 2-2: Ball 3-2: Base on Balls
|
Batting: RHB Larry Hamilton
|
0-0: Ground out 4-3 (Groundball, 4M, EV 101.9 MPH)
|
Top of the 5th over - 1 run, 1 hit, 0 errors, 2 left on base; San Antonio 10 - Shreveport 1 |
BOTTOM OF THE 5TH |
Shreveport Braves batting - Pitching for San Antonio Missions : RHP Roger Clemens
|
Batting: RHB Scott Ullger
|
0-0: Called Strike 0-1: Ball 1-1: Foul Ball, location: 2F 1-2: Ball 2-2: Foul Ball, location: 2F 2-2: Ball 3-2: Ground out 5-3 (Groundball, 56S, EV 63.1 MPH)
|
Batting: LHB Ronald Walker
|
0-0: Ball 1-0: Swinging Strike 1-1: Ball 2-1: Ball 3-1: Foul Ball, location: 2F 3-2: Fly out, F6 (Popup, 6, EV 72.5 MPH)
|
Batting: RHB Thomas Popovich
|
0-0: Called Strike 0-1: Ball 1-1: Foul Ball, location: 2F 1-2: Strikes out looking
|
Bottom of the 5th over - 0 runs, 0 hits, 0 errors, 0 left on base; San Antonio 10 - Shreveport 1 |
TOP OF THE 6TH |
San Antonio Missions batting - Pitching for Shreveport Braves : RHP Philip Costello
|
Batting: LHB Lee Pruitt
|
0-0: Ball 1-0: Ball 2-0: Foul Ball, location: 2F 2-1: Foul Ball, location: 2F 2-2: Ball 3-2: Strikes out looking
|
Batting: RHB Jack Clark
|
0-0: Ball 1-0: Called Strike 1-1: Ground out 6-3 (Groundball, 6, EV 81.9 MPH)
|
Batting: LHB Jerold Johnston
|
0-0: Foul Ball, location: 2F 0-1: Ball 1-1: Ball 2-1: Ball 3-1: Swinging Strike 3-2: Base on Balls
|
Batting: LHB Matt Nokes
|
0-0: Called Strike 0-1: Ball 1-1: SINGLE (Flyball, 3D, EV 88.1 MPH) Jerold Johnston to second
|
Batting: RHB Archie Amerson
|
0-0: SINGLE (Line Drive, 9LS, EV 98.1 MPH) Jerold Johnston to third Matt Nokes to second Runner from 3rd tries for Home, SAFE, throw by RF to home
|
Batting: RHB Ivan Calderon
|
0-0: Ball 1-0: Ball 2-0: Ball 3-0: Called Strike 3-1: Called Strike 3-2: Base on Balls Matt Nokes to third Archie Amerson to second
|
Pitching: RHP Chuck Johnson
|
|
Batting: RHB Amos Lewis
|
0-0: Ball 1-0: Called Strike 1-1: Ball 2-1: Fielders Choice at 2nd, 6-4 (Groundball, 6, EV 95.6 MPH)
|
Top of the 6th over - 1 run, 2 hits, 0 errors, 3 left on base; San Antonio 11 - Shreveport 1 |
BOTTOM OF THE 6TH |
Shreveport Braves batting - Pitching for San Antonio Missions : RHP Roger Clemens
|
Batting: RHB Jeff Matthews
|
0-0: Ball 1-0: Called Strike 1-1: Ball 2-1: Swinging Strike 2-2: Fly out, F7 (Flyball, 7D, EV 96.3 MPH)
|
Batting: LHB Rusty McNealy
|
0-0: Called Strike 0-1: Ball 1-1: Ball 2-1: Ball 3-1: Base on Balls
|
Batting: LHB Robert Loscalzo
|
0-0: Called Strike 0-1: Called Strike 0-2: Ball 1-2: 2-RUN HOME RUN (Flyball, 89XD, EV 92.5 MPH), Distance : 434 ft
|
Batting: SHB Sap Randall
|
0-0: Called Strike 0-1: Called Strike 0-2: Ball 1-2: Ball 2-2: SINGLE (Groundball, 4MD, EV 103.1 MPH)
|
Batting: RHB Alfonso Gomez
|
0-0: Swinging Strike 0-1: SINGLE (Groundball, 5S, EV 68.8 MPH) (infield hit) Sap Randall to second
|
Batting: LHB Tracy Dophied
|
0-0: Ball 1-0: Called Strike 1-1: Foul Ball, location: 2F 1-2: Ball 2-2: Foul Ball, location: 2F 2-2: Ball 3-2: Fly out, F5 (Popup, 56S, EV 78.8 MPH)
|
Batting: RHB Scott Ullger
|
0-0: Called Strike 0-1: Foul Ball, location: 2F 0-2: Ball 1-2: Strikes out swinging
|
Bottom of the 6th over - 2 runs, 3 hits, 0 errors, 2 left on base; San Antonio 11 - Shreveport 3 |
TOP OF THE 7TH |
San Antonio Missions batting - Pitching for Shreveport Braves : RHP Chuck Johnson
|
Batting: RHB Ed Hearn
|
0-0: Foul Ball, location: 2F 0-1: SINGLE (Line Drive, 8LS, EV 95.0 MPH)
|
Pinch Hitting: LHB Steven Fortune
|
0-0: Called Strike 0-1: Called Strike 0-2: Foul Ball, location: 2F 0-2: Strikes out swinging
|
Batting: LHB Lee Pruitt
|
0-0: Ball Passed Ball! Ed Hearn to second 1-0: Foul Ball, location: 2F 1-1: Swinging Strike 1-2: Ball 2-2: Foul Ball, location: 2F 2-2: Strikes out swinging
|
Batting: RHB Jack Clark
|
0-0: Ball 1-0: Ground out 1-3 (Groundball, P, EV 60.6 MPH)
|
Top of the 7th over - 0 runs, 1 hit, 0 errors, 1 left on base; San Antonio 11 - Shreveport 3 |
BOTTOM OF THE 7TH |
Shreveport Braves batting - Pitching for San Antonio Missions : RHP Roger Clemens
|
Now in CF: Steven Fortune
|
|
Batting: LHB Ronald Walker
|
0-0: Called Strike 0-1: Ball 1-1: Ball 2-1: Foul Ball, location: 2F 2-2: Ball 3-2: Strikes out swinging
|
Pinch Hitting: RHB Donald Eagan
|
0-0: Ground out 4-3 (Groundball, 4M, EV 104.4 MPH)
|
Batting: RHB Jeff Matthews
|
0-0: Ball 1-0: SINGLE (Groundball, 4MS, EV 86.9 MPH) (infield hit)
|
Batting: LHB Rusty McNealy
|
0-0: Called Strike 0-1: Fly out, F8 (Flyball, 8RM, EV 93.1 MPH)
|
Bottom of the 7th over - 0 runs, 1 hit, 0 errors, 1 left on base; San Antonio 11 - Shreveport 3 |
TOP OF THE 8TH |
San Antonio Missions batting - Pitching for Shreveport Braves : RHP Chuck Johnson
|
Now at 3B: Donald Eagan
|
|
Batting: LHB Jerold Johnston
|
0-0: Ball 1-0: Foul Ball, location: 2F 1-1: Called Strike 1-2: Ball 2-2: Foul Ball, location: 2F 2-2: Foul Ball, location: 2F 2-2: Ball 3-2: Base on Balls
|
Batting: LHB Matt Nokes
|
0-0: Called Strike 0-1: Fielders Choice at 2nd, 6-4 (Groundball, 6, EV 80.6 MPH)
|
Batting: RHB Archie Amerson
|
0-0: Fly out, F8 (Flyball, 89D, EV 96.3 MPH)
|
Batting: RHB Ivan Calderon
|
0-0: Called Strike 0-1: Foul Ball, location: 2F 0-2: Ball 1-2: Ball 2-2: Ball 3-2: 2-RUN HOME RUN (Flyball, 7LD, EV 106.3 MPH), Distance : 372 ft
|
Batting: RHB Amos Lewis
|
0-0: Called Strike 0-1: Ball 1-1: Foul Ball, location: 2F 1-2: SINGLE (Groundball, 6S, EV 75.0 MPH) (infield hit)
|
Batting: RHB Ed Hearn
|
0-0: Called Strike 0-1: Ball Passed Ball! Amos Lewis to second 1-1: Ground out 6-3 (Groundball, 56, EV 88.8 MPH)
|
Top of the 8th over - 2 runs, 2 hits, 0 errors, 1 left on base; San Antonio 13 - Shreveport 3 |
BOTTOM OF THE 8TH |
Shreveport Braves batting - Pitching for San Antonio Missions : RHP Roger Clemens
|
Batting: LHB Robert Loscalzo
|
0-0: Swinging Strike 0-1: Ball 1-1: Called Strike 1-2: Ball 2-2: Fly out, F3 (Flyball, 34D, EV 85.0 MPH)
|
Pitching: LHP John Hills
|
|
Batting: SHB Sap Randall
|
0-0: Called Strike 0-1: Ball 1-1: Ball 2-1: Foul Ball, location: 2F 2-2: DOUBLE (Line Drive, 78XD, EV 100.6 MPH)
|
Batting: RHB Alfonso Gomez
|
0-0: Ball 1-0: Ball 2-0: Ball 3-0: Base on Balls
|
Batting: LHB Tracy Dophied
|
0-0: Ball 1-0: Ball 2-0: Ball 3-0: Called Strike 3-1: Base on Balls Sap Randall to third Alfonso Gomez to second
|
Batting: RHB Scott Ullger
|
0-0: Ball Wild Pitch! Sap Randall scores Alfonso Gomez to third Tracy Dophied to second 1-0: Ground out 4-3 (Groundball, 4, EV 84.4 MPH) Alfonso Gomez scores Tracy Dophied to third
|
Batting: LHB Ronald Walker
|
0-0: Ball 1-0: Swinging Strike 1-1: Ball 2-1: Fly out, F9 (Flyball, 89XD, EV 103.1 MPH)
|
Bottom of the 8th over - 2 runs, 1 hit, 0 errors, 1 left on base; San Antonio 13 - Shreveport 5 |
TOP OF THE 9TH |
San Antonio Missions batting - Pitching for Shreveport Braves : RHP Chuck Johnson
|
Batting: LHB Steven Fortune
|
0-0: Ground out U3 (Groundball, 3, EV 109.4 MPH)
|
Batting: LHB Lee Pruitt
|
0-0: Ball 1-0: Called Strike 1-1: Swinging Strike 1-2: Strikes out looking
|
Batting: RHB Jack Clark
|
0-0: Fly out, F9 (Flyball, 9, EV 92.5 MPH)
|
Top of the 9th over - 0 runs, 0 hits, 0 errors, 0 left on base; San Antonio 13 - Shreveport 5 |
BOTTOM OF THE 9TH |
Shreveport Braves batting - Pitching for San Antonio Missions : LHP John Hills
|
Batting: RHB Donald Eagan
|
0-0: Swinging Strike 0-1: Ball 1-1: Ground out U3 (Groundball, 34, EV 101.9 MPH)
|
Batting: RHB Jeff Matthews
|
0-0: Ball 1-0: Foul Ball, location: 2F 1-1: Fly out, F4 (Popup, 34S, EV 86.3 MPH)
|
Batting: LHB Rusty McNealy
|
0-0: Called Strike 0-1: Ball 1-1: SINGLE (Groundball, 56D, EV 103.8 MPH)
|
Batting: LHB Robert Loscalzo
|
0-0: SINGLE (Groundball, 4MD, EV 93.8 MPH) Rusty McNealy to second
|
Batting: SHB Sap Randall
|
0-0: Called Strike 0-1: SINGLE (Line Drive, 78M, EV 98.8 MPH) Rusty McNealy to third Robert Loscalzo to second
|
Batting: RHB Alfonso Gomez
|
0-0: Called Strike 0-1: GRAND SLAM HOME RUN (Flyball, 7D, EV 97.5 MPH), Distance : 364 ft
|
Pitching: RHP Edward Arkema
|
|
Batting: LHB Tracy Dophied
|
0-0: Called Strike 0-1: Swinging Strike 0-2: Ball 1-2: Ball 2-2: Strikes out swinging
|
Bottom of the 9th over - 4 runs, 4 hits, 0 errors, 0 left on base; San Antonio 13 - Shreveport 9 |
|